 Dungeon Crawl Stone Soup version 0.27.0-1-g7a08968 (webtiles) character file.

Game seed: 18420045994534423877

199121 edsrzf the Spry (level 19, -4/121 HPs)
             Began as a Kobold Hedge Wizard on Aug 14, 2021.
             Was the Champion of Cheibriados.
             Shot with a bolt by a naga sharpshooter (32 damage)
             ... on level 4 of the Snake Pit on Aug 15, 2021.
             The game lasted 02:33:39 (43890 turns).

edsrzf the Spry (Kobold Hedge Wizard)              Turns: 43890, Time: 02:33:39

Health: -4/121     AC: 20    Str: 26    XL:     19   Next: 63%
Magic:  28/33      EV: 37    Int: 39    God:    Cheibriados [******]
Gold:   1895       SH:  5    Dex: 31    Spells: 9/38 levels left

rFire    + + .     SeeInvis +   b - +1 scimitar (freeze)
rCold    . . .     Faith    .   (shield restricted)
rNeg     + + .     Spirit   .   Q - +3 leather armour of Vezetey {rF+ rN++}
rPois    +         Reflect  +   i - +2 helmet {SInv}
rElec    .         Harm     .   c - +2 cloak {Will+}
rCorr    .         Rampage  .   f - +3 pair of gauntlets of War {Slay+5}
Will     ++...                  S - +2 pair of boots
Stlth    ++++++++..             t - amulet "Evvuohe" {Reflect rPois rF+ SH+5}
HPRegen  0.30/turn              W - +4 ring of evasion
MPRegen  0.23/turn              h - +6 ring of intelligence

@: lethally poisoned (-4 -> -5), constricted, very slow
A: small, no large weapons, nightstalker 3
a: Renounce Religion, Bend Time, Temporal Distortion, Slouch, Step From Time


You were on level 4 of the Snake Pit.
You worshipped Cheibriados.
Cheibriados was exalted by your worship.
You visited 5 branches of the dungeon, and saw 28 of its levels.
You visited the Abyss 1 time.
You visited 1 bazaar.
You also visited: Ossuary, Bailey and Ice Cave.

You collected 5101 gold pieces.
You spent 3206 gold pieces at shops.

Inventory:

Hand Weapons
 a - a +3 short sword of venom
 b - a +1 scimitar of freezing (weapon)
 n - a +2 dagger of draining
Missiles
 m - a throwing net {=f}
 M - 4 curare-tipped darts
Armour
 c - a +2 cloak of willpower (worn)
 f - the +3 pair of gauntlets of War (worn) {Slay+5}
   (You acquired it on level 4 of the Snake Pit)

   Slay:      It affects your accuracy & damage with ranged weapons and melee
   (+5).
 i - a +2 helmet of see invisible (worn)
 L - a +2 buckler of reflection
 Q - the +3 leather armour of Vezetey (worn) {rF+ rN++}
   (You found it on level 10 of the Dungeon)

   rF:        It protects you from fire.
   rN:        It greatly protects you from negative energy.
 S - a +2 pair of boots (worn)
Jewellery
 h - a +6 ring of intelligence (right hand)
 j - a +4 ring of protection
 p - a +6 ring of strength
 q - a ring of protection from cold
 t - the amulet "Evvuohe" (around neck) {Reflect rPois rF+ SH+5}
   (You acquired it on level 6 of the Lair of Beasts)

   [amulet of reflection]

   It reflects blocked missile attacks.
   rF:        It protects you from fire.
   rPois:     It protects you from poison.
   SH:        It affects your SH (+5).
 x - an amulet of guardian spirit
 F - a +6 ring of dexterity
 G - an amulet of regeneration
 H - a ring of flight
 I - a ring of see invisible
 K - an amulet of magic regeneration
 O - a ring of resist corrosion
 R - a ring of fire
 W - a +4 ring of evasion (left hand)
Wands
 r - a wand of iceblast (47)
 w - a wand of acid (9)
 J - a wand of paralysis (27)
 P - a wand of digging (22)
 Y - a wand of mindburst (13)
Scrolls
 d - a scroll of holy word
 g - a scroll of silence {!r}
 k - 3 scrolls of summoning
 l - 2 scrolls of blinking
 v - 4 scrolls of fog
 y - 5 scrolls of amnesia
 B - 2 scrolls of magic mapping
 D - 3 scrolls of enchant weapon
 E - 4 scrolls of fear
 V - 5 scrolls of identify {@r1}
 Z - 12 scrolls of teleportation {@r3}
Potions
 e - 8 potions of curing
 o - 2 potions of brilliance
 s - 6 potions of attraction
 u - a potion of mutation {!q}
 z - 7 potions of heal wounds
 A - 7 potions of flight
 C - a potion of cancellation
 N - a potion of invisibility
 T - 4 potions of magic
 U - 2 potions of resistance
 X - 3 potions of lignification


   Skills:
 - Level 14.0 Fighting
 - Level 12.1(13.6) Short Blades
 + Level 6.9(8.7) Long Blades
 - Level 5.0 Armour
 - Level 17.0 Dodging
 - Level 15.0 Stealth
 - Level 10.3 Spellcasting
 - Level 9.3 Conjurations
 - Level 8.7 Hexes
 - Level 1.0 Summonings
 - Level 5.2 Necromancy
 - Level 5.0 Translocations
 - Level 5.0 Transmutations
 - Level 2.0 Fire Magic
 - Level 9.0 Ice Magic
 - Level 3.0 Air Magic
 - Level 3.0 Poison Magic
 - Level 11.0 Invocations
 - Level 5.0 Evocations


You had 9 spell levels left.
You knew the following spells:

 Your Spells              Type           Power      Damage    Failure   Level
b - Blink                 Tloc           N/A        N/A       1%          2
d - Tukima's Dance        Hex            73%        N/A       1%          3
f - Conjure Flame         Conj/Fire      59%        6-21      1%          3
h - Ensorcelled Hibernat  Hex/Ice        100%       N/A       1%          2
s - Slow                  Hex            73%        N/A       1%          2
v - Vampiric Draining     Necr           28%        2d10      1%          3
x - Magic Dart            Conj           100%       1d8       1%          1
y - Yara's Violent Unrav  Hex/Tmut       32%        3d13      3%          5
C - Mephitic Cloud        Conj/Pois/Air  56%        N/A       1%          3
F - Freezing Cloud        Conj/Ice/Air   33%        6-21      3%          5

Your spell library contained the following spells:

 Spells                   Type           Power      Damage    Failure   Level
 Animate Skeleton         Necr           100%       N/A       1%          1
 Foxfire                  Conj/Fire      100%       2x1d9     1%          1
 Freeze                   Ice            100%       1d11      1%          1
 Pain                     Necr           100%       1d9       1%          1
 Call Imp                 Summ           28%        N/A       1%          2
 Gell's Gravitas          Tloc           28%        N/A       1%          3
 Ignite Poison            Fire/Tmut/Pois 46%        N/A       1%          3
 Inner Flame              Hex/Fire       58%        N/A       1%          3
 Lesser Beckoning         Tloc           28%        N/A       1%          3
 Spider Form              Tmut/Pois      25%        N/A       1%          3
 Stone Arrow              Conj/Erth      100%       3d13      1%          3
 Teleport Other           Tloc           56%        N/A       1%          3
 Sticky Flame             Conj/Fire      59%        2d7       1%          4
 Animate Dead             Necr           28%        N/A       2%          4
 Passage of Golubria      Tloc           N/A        N/A       2%          4
 Summon Ice Beast         Ice/Summ       56%        N/A       2%          4
 Bolt of Magma            Conj/Fire/Erth 24%        4d12      12%         5
 Animate Armour           Summ/Erth      48%        N/A       16%         4
 Simulacrum               Ice/Necr       33%        N/A       17%         6
 Borgnjor's Vile Clutch   Necr/Erth      20%        N/A       19%         5
 Death Channel            Necr           28%        N/A       34%         6
 Shadow Creatures         Summ           N/A        N/A       90%         6
 Lehudib's Crystal Spear  Conj/Erth      27%        10d7      100%        8
 Polar Vortex             Ice            37%        N/A       100%        9


Dungeon Overview and Level Annotations

Branches:
Dungeon (15/15)            Temple (1/1) D:4            Lair (6/6) D:9
  Swamp (0/4) Lair:2        Snake (4/4) Lair:3        Slime (0/5) Lair:5
    Orc (2/2) D:9             Elf (0/3) Orc:2        Vaults (0/5) D:14
Ossuary (visited)          Bailey (visited)           IceCv (visited)
 Depths: D:15

Altars:
Ashenzari
Cheibriados
Dithmenos
Elyvilon
Fedhas
Gozag
Hepliaklqana
Kikubaaqudgha
Makhleb
Nemelex Xobeh
Okawaru
Qazlal
Ru
Sif Muna
Trog
Uskayaw
Vehumet
Wu Jian
Xom
Yredelemnul
Zin
The Shining One
Beogh
Lugonu

Shops:
D:3 (   D:5 [   D:7 *   D:11 *   D:13 [   Orc:1 (   Orc:2 [!(:   Snake:3 *[
Snake:4 [

Portals:
Abyss: Lair:6

Annotations:
D:6 Dowan, Duvessa
D:7 Maggie
D:15 exclusion: skeletal warrior
Lair:3 exclusion: 2 oklob plants
Lair:4 2 transporters


Innate Abilities, Weirdness & Mutations

You are small and have problems with some larger weapons.
You are completely attuned to the shadows.


Message History

Press: ? - help, v - describe, . - travel
Here: a nagaraja, wielding a +0 whip and wearing a +0 robe The floor.
Unknown command.
The naga sharpshooter shoots a bolt.
The bolt barely misses you. The nagaraja spits poison at you.
The splash of poison hits you. You resist.
The naga sharpshooter shoots a bolt.
The bolt completely misses you.
You hit the nagaraja but do no damage.
The naga sharpshooter shoots a bolt.
The bolt completely misses you.
You hit the nagaraja but do no damage.
The naga sharpshooter spits poison at you.
The splash of poison misses you.
The nagaraja gestures at you while chanting.
The bolt of poison hits you!
You are poisoned.
You resist.
You slice the nagaraja!! You freeze the nagaraja.
The nagaraja is moderately wounded.
You feel very sick. The nagaraja casts a spell at you.
The bolt of poison hits you! You resist.
You hit the nagaraja but do no damage.
The nagaraja is moderately wounded.
You feel sick. The nagaraja hits you with a +0 whip! The nagaraja grabs you.
The nagaraja constricts you.
The naga sharpshooter shoots a bolt.
You reflect the bolt off an invisible shield around you!
The bolt barely misses the naga sharpshooter.
Unknown command.
You hit the nagaraja. You freeze the nagaraja.
The nagaraja is moderately wounded.
You feel very sick. The nagaraja casts a spell at you.
The bolt of poison hits you! You resist. The nagaraja constricts you.
The naga sharpshooter shoots a bolt.
The bolt closely misses you.
Unknown command.
You slash the nagaraja! You freeze the nagaraja.
The nagaraja is heavily wounded.
You feel sick. You block the nagaraja's attack. The nagaraja constricts you.
The naga sharpshooter shoots a bolt.
The bolt hits you!
You hit the nagaraja. You freeze the nagaraja.
The nagaraja is heavily wounded.
You feel sick. The nagaraja spits poison at you.
The splash of poison misses you. The nagaraja constricts you.
The naga sharpshooter shoots a bolt.
The bolt completely misses you.
You hit the nagaraja but do no damage.
The nagaraja is heavily wounded.
You feel sick. The nagaraja misses you. The nagaraja constricts you.
You slash the nagaraja! You freeze the nagaraja.
The nagaraja is severely wounded.
You feel sick.
The naga sharpshooter shoots a bolt.
The bolt misses you.
The nagaraja gestures at you while chanting.
You resist with some effort. The nagaraja constricts you.
Unknown command.
You closely miss the nagaraja.
The nagaraja is severely wounded.
You feel sick.
The naga sharpshooter spits poison at you.
The splash of poison misses you. You block the nagaraja's attack.
The nagaraja constricts you.
You closely miss the nagaraja.
The nagaraja is severely wounded.
You feel sick.
The naga sharpshooter shoots a bolt.
The bolt closely misses you. The nagaraja spits poison at you.
The splash of poison misses you. The nagaraja constricts you.
Press: ? - help, v - describe, . - travel
Here: a nagaraja, wielding a +0 whip and wearing a +0 robe (severely wounded, constricting you, catching its breath)
The floor, spattered with blood.
Unknown command.
You hit the nagaraja. You freeze the nagaraja.
The nagaraja is severely wounded.
You feel sick.
The naga sharpshooter spits poison at you.
The splash of poison hits you but does no damage.
You resist. The nagaraja completely misses you. The nagaraja constricts you.
You barely miss the nagaraja.
The nagaraja is severely wounded.
The naga sharpshooter shoots a bolt.
The bolt hits you!
* * * LOW HITPOINT WARNING * * *
The nagaraja completely misses you.
* * * LOW HITPOINT WARNING * * *
The nagaraja constricts you.
You can feel time thicken for a moment.
You feel sick.
The naga sharpshooter shoots a bolt.
The bolt completely misses you. The nagaraja hits you with a +0 whip!
* * * LOW HITPOINT WARNING * * *
x2 The nagaraja constricts you.
Unknown command.
Okay, then.
You feel much better.
You feel sick.
The naga sharpshooter shoots a bolt.
You reflect the bolt off an invisible shield around you!
The bolt hits the naga sharpshooter!
The nagaraja completely misses you.
* * * LOW HITPOINT WARNING * * *
The nagaraja constricts you!
You hit the nagaraja. You freeze the nagaraja.
The nagaraja is severely wounded.
The naga sharpshooter shoots a bolt.
The bolt hits you!!
You die...

)<..SN..##........)....## #.# #(#
#######.###.).........## #.# #.#
#.........'##'######### #.# #.#
..........#..)........## #.# #.#
#......................## #.# #.#
#.......................###.###[#
#........................)......#
.........#......N........#.######
#.......##.....N@........#.#
##.....###.......)<......#.#
.##...## #...............#.#
..##.## #...............#.##
..)### ##.................#
#)..## ##.............#..#
##)..## ##...........####..#
.#))..####.............###..#
.......##...............##..#


You could see a nagaraja and a naga sharpshooter.

Vanquished Creatures
  A tentacled starspawn (Abyss:2)
  A frost giant (IceCv)
  6 nagarajas
  Aizul (Snake:1)
  A cacodemon (Abyss:2)
  An ettin (Orc:1)
  A rakshasa (D:15)
  4 vault guards (D:14)
  3 salamander tyrants (Snake:4)
  Erolcha (D:12)
  8 hydras
  11 naga warriors
  An ogre mage (D:15)
  A boulder beetle (Lair:4)
  3 centaur warriors (D:14)
  5 dancing weapons (D:13)
  9 anacondas
  9 two-headed ogres
  2 tengu warriors
  A death knight (D:14)
  10 naga sharpshooters
  15 death yaks
  6 thrashing horrors
  3 orc high priests (Orc:2)
  9 shock serpents
  Sonja (Orc:1)
  7 salamander mystics
  7 sea snakes (Snake:1)
  A skeletal warrior (D:15)
  15 naga ritualists
  2 bog bodies (Lair:2)
  An orc knight (Bailey)
  2 lindwurms
  22 mana vipers
  2 orc sorcerers
  4 cyclopes
  19 ugly things
  3 deep elf pyromancers
  An oklob plant (Lair:1)
  2 manticores
  A wolf spider (D:15)
  11 salamanders
  2 centaur zombies (D:10)
  64 black mambas
  Maurice (D:13)
  8 guardian serpents
  2 large abominations
  An ice statue (IceCv)
  8 elephants (Lair:4)
  2 smoke demons (Abyss:2)
  A gargoyle (D:12)
  16 naga magi
  A torpor snail (Lair:6)
  An orange demon (Abyss:2)
  14 cane toads
  2 rime drakes (D:11)
  9 komodo dragons
  An unseen horror (D:12)
  2 ancient zymes
  A freezing wraith (D:14)
  A rime drake (shapeshifter) (D:14)
  2 tengu conjurers (D:15)
  5 trolls
  11 polar bears
  A raiju (Abyss:2)
  A blink frog (shapeshifter) (D:13)
  6 slime creatures
  4 dream sheep (Lair:5)
  25 blink frogs
  A centaur simulacrum (D:15)
  Sigmund (D:6)
  3 ynoxinuls
  83 yaks
  2 spriggans (Lair:6)
  9 basilisks
  3 vampires
  3 wyverns
  2 wraiths
  4 chaos spawn (Lair:6)
  13 vampire mosquitoes
  3 swamp worms (Lair:2)
  The ghost of BoldKobold the Firebug, an amateur DrFE (D:3)
  3 steam dragons
  46 nagas
  4 acid dragons
  30 water moccasins
  11 wargs
  19 orc warriors
  3 black bears
  An ice beast (D:5)
  A hornet zombie (D:6)
  8 ogres
  26 wolves
  11 centaurs
  A phantom (D:4)
  A kobold brigand (D:9)
  An elf zombie (Ossuary)
  14 bullfrogs
  16 small abominations
  4 scorpions
  4 killer bees (D:10)
  8 electric eels
  6 wights (D:7)
  6 howler monkeys
  A lava snake (D:8)
  A bullfrog zombie (D:5)
  3 jellies (Lair:5)
  A bullfrog skeleton (D:6)
  40 orc priests
  Crazy Yiuf (D:6)
  A gnoll shaman (D:4)
  A scorpion zombie (D:5)
  2 iguanas
  25 orc wizards
  5 hell rats (Lair:5)
  2 killer bee zombies (D:8)
  A hound skeleton (D:4)
  2 mummies (Ossuary)
  Robin (D:2)
  18 gnolls
  A howler monkey skeleton (D:4)
  4 adders
  An ufetubus (D:6)
  A worm (D:2)
  4 dart slugs
  124 orcs
  10 bats
  8 endoplasms
  5 giant cockroaches
  22 goblins
  9 hobgoblins
  14 jackals
  4 quokkas
  4 ball pythons
  A frilled lizard (D:2)
  5 gnoll zombies (Ossuary)
  5 goblin zombies (Ossuary)
  2 hobgoblin zombies (Ossuary)
  17 kobolds
  An orc zombie (Ossuary)
  12 rats
  A bush (Lair:1)
  A butterfly (Lair:2)
1119 creatures vanquished.

Vanquished Creatures (collateral kills)
  3 naga warriors
  A two-headed ogre (Orc:1)
  2 orc high priests (Orc:2)
  A naga ritualist (Snake:4)
  2 salamanders (Snake:4)
  A naga mage (Snake:4)
  4 nagas
  An orc warrior (Orc:1)
  An orc priest (Orc:2)
  An orc wizard (Orc:1)
  2 orcs
19 creatures vanquished.

Vanquished Creatures (others)
  2 draconians (D:1)
  2 djinn (D:1)
  A vine stalker (D:1)
  An elf (D:1)
  2 trolls (D:1)
  6 dancing weapons
  2 mummies (D:1)
  A gnoll (D:1)
  An orc (Orc:2)
  A kobold (D:1)
  2 bushes (Lair:6)
  40 fungi
  58 plants
  4 starspawn tentacles (Abyss:2)
  11 tentacles (D:1)
134 creatures vanquished.

Grand Total: 1272 creatures vanquished

Notes
Turn   | Place    | Note
-------+----------+-------------------------------------------
     0 | D:1      | edsrzf the Kobold Hedge Wizard began the quest for the Orb.
     0 | D:1      | Reached XP level 1. HP: 10/10 MP: 4/4
     0 | D:1      | Noticed a draconian
     0 | D:1      | Noticed a djinni
     0 | D:1      | Noticed a troll
     1 | D:1      | Noticed a vine stalker
     4 | D:1      | Killed an elf
     4 | D:1      | Killed a vine stalker
     5 | D:1      | Killed a djinni
     6 | D:1      | Killed a djinni
     8 | D:1      | Killed a troll
     9 | D:1      | Killed a draconian
    15 | D:1      | Killed a draconian
    17 | D:1      | Noticed a troll
    17 | D:1      | Killed a troll
    18 | D:1      | Noticed a kraken
   169 | D:1      | Reached XP level 2. HP: 15/15 MP: 0/6
   260 | D:1      | Reached skill level 2 in Conjurations
   764 | D:1      | Reached XP level 3. HP: 17/19 MP: 1/7
   892 | D:1      | Learned a level 2 spell: Blink
   895 | D:1      | Learned a level 2 spell: Slow
  1235 | D:1      | Reached skill level 3 in Conjurations
  1444 | D:2      | Noticed Robin
  1816 | D:2      | Reached skill level 1 in Hexes
  1816 | D:2      | Reached XP level 4. HP: 22/24 MP: 0/8
  1872 | D:2      | Killed Robin
  2533 | D:2      | Reached skill level 2 in Hexes
  3206 | D:3      | Reached XP level 5. HP: 28/28 MP: 5/9
  3240 | D:3      | Found Neoffe Zayps's Antique Weapon Emporium.
  3243 | D:3      | Reached skill level 2 in Translocations
  3246 | D:3      | Learned a level 2 spell: Ensorcelled Hibernation
  3461 | D:3      | Found a faded altar of an unknown god.
  3794 | D:3      | Noticed BoldKobold's ghost (amateur DrFE)
  3801 | D:3      | You fall into a shaft and drop 3 floors!
  3876 | D:6      | Noticed an ogre
  3917 | D:6      | Killed an ogre
  3918 | D:6      | Reached skill level 3 in Hexes
  3918 | D:6      | Reached skill level 1 in Ice Magic
  3918 | D:6      | Reached XP level 6. HP: 32/32 MP: 10/10
  4149 | D:5      | Entered Level 5 of the Dungeon
  4258 | D:4      | Reached skill level 4 in Hexes
  4407 | D:4      | Found a sand-covered staircase.
  4418 | Ossuary  | Entered an ossuary
  4433 | Ossuary  | Learned a level 3 spell: Conjure Flame
  4500 | Ossuary  | Reached XP level 7. HP: 35/36 MP: 12/12
  5178 | Ossuary  | Reached skill level 4 in Spellcasting
  5178 | Ossuary  | Reached skill level 5 in Hexes
  5810 | D:4      | Reached skill level 4 in Conjurations
  6251 | D:4      | Reached skill level 5 in Conjurations
  6251 | D:4      | Reached XP level 8. HP: 36/41 MP: 10/14
  6585 | D:4      | Found a staircase to the Ecumenical Temple.
  6616 | Temple   | Entered the Ecumenical Temple
  6903 | Temple   | Became a worshipper of Cheibriados the Contemplative
  6927 | D:4      | Learned a level 3 spell: Vampiric Draining
  7094 | D:4      | Reached skill level 1 in Necromancy
  7095 | D:4      | Reached skill level 2 in Necromancy
  7546 | D:4      | Reached skill level 3 in Necromancy
  7931 | D:3      | Found a runed translucent door.
  7973 | D:3      | Killed BoldKobold's ghost
  7974 | D:3      | Reached skill level 4 in Necromancy
  8312 | D:5      | Found Hoolivema's Armour Boutique.
  8605 | D:5      | Reached * piety under Cheibriados
  8858 | D:5      | Reached skill level 5 in Necromancy
  9121 | D:5      | Reached skill level 1 in Fire Magic
  9121 | D:5      | Reached XP level 9. HP: 45/45 MP: 15/15
  9277 | D:5      | Reached skill level 2 in Fire Magic
  9378 | D:6      | Reached skill level 1 in Short Blades
  9452 | D:6      | Reached skill level 5 in Spellcasting
  9477 | D:6      | Noticed Dowan
  9504 | D:6      | Noticed Duvessa
  9534 | D:6      | Reached skill level 2 in Short Blades
  9773 | D:6      | Got the Disquisition on Ice
  9818 | D:6      | Noticed Sigmund
  9943 | D:6      | Reached skill level 3 in Short Blades
  9963 | D:6      | Learned a level 3 spell: Mephitic Cloud
 10146 | D:6      | Killed Sigmund
 10147 | D:6      | Reached skill level 4 in Short Blades
 10194 | D:6      | Found a runed translucent door.
 10197 | D:6      | Noticed Crazy Yiuf
 10202 | D:6      | Killed Crazy Yiuf
 10203 | D:6      | Reached skill level 6 in Spellcasting
 10343 | D:7      | Reached ** piety under Cheibriados
 10387 | D:7      | Identified 3 scrolls of amnesia
 10483 | D:7      | Reached skill level 1 in Air Magic
 10483 | D:7      | Reached skill level 1 in Poison Magic
 10493 | D:7      | Reached skill level 5 in Short Blades
 10516 | D:7      | Identified 4 scrolls of identify
 10516 | D:7      | Identified a potion of brilliance
 10517 | D:7      | Identified a potion of attraction
 10518 | D:7      | Identified a potion of mutation
 10519 | D:7      | Identified a potion of berserk rage
 10547 | D:7      | Found Fukeashru's General Store.
 10552 | D:7      | Noticed Maggie
 10632 | D:7      | Identified 2 scrolls of holy word
 10633 | D:7      | Reached skill level 2 in Air Magic
 10633 | D:7      | Reached skill level 2 in Poison Magic
 11118 | D:8      | Reached skill level 6 in Short Blades
 11118 | D:8      | Reached XP level 10. HP: 50/50 MP: 19/19
 11133 | D:8      | Reached skill level 3 in Air Magic
 11185 | D:8      | Reached skill level 3 in Poison Magic
 11272 | D:8      | Reached skill level 3 in Dodging
 11328 | D:8      | Found a broken altar of Ashenzari.
 11370 | D:8      | Reached skill level 7 in Short Blades
 11372 | D:8      | Reached skill level 4 in Dodging
 11510 | D:8      | Reached *** piety under Cheibriados
 11521 | D:8      | Reached skill level 5 in Dodging
 11534 | D:8      | Reached skill level 8 in Short Blades
 11534 | D:8      | Reached skill level 3 in Stealth
 11808 | D:9      | Reached skill level 4 in Stealth
 11953 | D:9      | Found a staircase to the Orcish Mines.
 12014 | D:9      | Reached skill level 5 in Stealth
 12156 | D:8      | Identified 3 potions of heal wounds
 12158 | D:8      | Reached skill level 9 in Short Blades
 12494 | D:9      | Found a staircase to the Lair.
 13008 | D:10     | Entered Level 10 of the Dungeon
 13021 | D:10     | Reached skill level 6 in Stealth
 13041 | D:10     | Identified a potion of haste
 13048 | D:10     | Reached **** piety under Cheibriados
 13081 | D:10     | Reached skill level 7 in Stealth
 13083 | D:10     | Reached skill level 10 in Short Blades
 13083 | D:10     | Reached XP level 11. HP: 54/54 MP: 20/20
 13158 | D:10     | Reached skill level 8 in Stealth
 13174 | D:10     | Reached skill level 11 in Short Blades
 13174 | D:10     | Reached skill level 9 in Stealth
 13777 | D:10     | Identified the +3 leather armour of Vezetey {rF+ rN++}
 14059 | D:10     | Noticed a two-headed ogre
 14066 | D:10     | Killed a two-headed ogre
 14067 | D:10     | Reached skill level 10 in Stealth
 14180 | D:10     | Reached skill level 1 in Fighting
 14262 | D:10     | Noticed a two-headed ogre
 14266 | D:10     | Killed a two-headed ogre
 14267 | D:10     | Reached skill level 2 in Fighting
 14267 | D:10     | Reached skill level 12 in Short Blades
 14355 | D:10     | Reached ***** piety under Cheibriados
 14424 | D:11     | Noticed a five-headed hydra
 14427 | D:11     | Killed a five-headed hydra
 14428 | D:11     | Reached skill level 3 in Fighting
 14428 | D:11     | Reached skill level 3 in Translocations
 14446 | D:11     | Identified 3 scrolls of noise
 14448 | D:11     | Identified 2 scrolls of enchant weapon
 14449 | D:11     | Identified 2 scrolls of enchant armour
 14520 | D:11     | Found Ysoaghe's General Store.
 14559 | D:11     | Reached skill level 4 in Fighting
 14613 | D:11     | Reached skill level 4 in Translocations
 14613 | D:11     | Reached XP level 12. HP: 57/67 MP: 21/21
 14617 | D:11     | Found a frozen archway.
 14624 | IceCv    | Entered an ice cave
 14630 | IceCv    | Reached skill level 5 in Fighting
 14723 | IceCv    | Reached skill level 5 in Translocations
 14803 | IceCv    | Noticed a death yak
 14804 | IceCv    | Noticed a death yak
 14804 | IceCv    | Noticed a death yak
 14807 | IceCv    | Killed a death yak
 14808 | IceCv    | Reached skill level 6 in Fighting
 14813 | IceCv    | HP: 3/71 [death yak (22)]
 14814 | IceCv    | Killed a death yak
 14815 | IceCv    | Reached skill level 6 in Dodging
 14824 | IceCv    | Killed a death yak
 14825 | IceCv    | Reached skill level 7 in Fighting
 15001 | IceCv    | Reached skill level 7 in Dodging
 15244 | IceCv    | Reached skill level 8 in Fighting
 15252 | IceCv    | Reached skill level 8 in Dodging
 15353 | IceCv    | Reached ****** piety under Cheibriados
 15356 | IceCv    | Noticed a death yak
 15373 | IceCv    | Killed a death yak
 15475 | IceCv    | Noticed a death yak
 15475 | IceCv    | Noticed a death yak
 15475 | IceCv    | Noticed a frost giant
 15495 | IceCv    | Killed a death yak
 15496 | IceCv    | Reached skill level 9 in Fighting
 15496 | IceCv    | Reached skill level 9 in Dodging
 15496 | IceCv    | Reached XP level 13. HP: 61/80 MP: 22/22
 15499 | IceCv    | Identified 8 potions of curing
 15504 | IceCv    | Killed a frost giant
 15555 | IceCv    | Reached skill level 10 in Dodging
 16180 | D:11     | Reached skill level 10 in Fighting
 16244 | D:11     | Found a bloodstained altar of Trog.
 16567 | D:12     | Reached skill level 1 in Armour
 16629 | D:12     | Reached skill level 2 in Armour
 16746 | D:12     | Identified a potion of resistance
 16767 | D:12     | Identified a potion of magic
 16852 | D:12     | Reached skill level 3 in Armour
 16962 | D:12     | Found a shimmering altar of Xom.
 17081 | D:12     | Noticed Erolcha
 17274 | D:12     | Noticed a seven-headed hydra
 17281 | D:12     | Killed a seven-headed hydra
 17282 | D:12     | Reached skill level 4 in Armour
 17418 | D:12     | Killed Erolcha
 17522 | D:12     | Reached skill level 5 in Armour
 17725 | Lair:1   | Entered Level 1 of the Lair of Beasts
 17741 | Lair:1   | Learned a level 5 spell: Freezing Cloud
 17796 | Lair:1   | Noticed a five-headed hydra
 17878 | Lair:1   | Reached skill level 2 in Ice Magic
 17924 | Lair:1   | Killed a five-headed hydra
 18020 | Lair:1   | Reached skill level 3 in Ice Magic
 18072 | Lair:1   | Identified a potion of cancellation
 18249 | Lair:1   | Reached skill level 4 in Ice Magic
 18483 | Lair:1   | Found a shimmering altar of Xom.
 18671 | Lair:1   | Reached skill level 5 in Ice Magic
 18727 | Lair:1   | Identified 2 potions of lignification
 18730 | Lair:1   | Identified a potion of degeneration
 19115 | Lair:2   | Reached skill level 6 in Ice Magic
 19115 | Lair:2   | Reached XP level 14. HP: 88/88 MP: 23/23
 19170 | Lair:2   | Reached skill level 1 in Invocations
 19225 | Lair:2   | Reached skill level 2 in Invocations
 19394 | Lair:2   | Reached skill level 3 in Invocations
 19699 | Lair:2   | Reached skill level 4 in Invocations
 19800 | Lair:2   | Reached skill level 5 in Invocations
 19880 | Lair:2   | Found a staircase to the Swamp.
 20116 | Lair:3   | Reached skill level 6 in Invocations
 20140 | Lair:3   | Found a staircase to the Snake Pit.
 20296 | Lair:3   | Reached skill level 7 in Invocations
 20310 | Lair:3   | Identified 5 potions of flight
 20529 | Lair:3   | Reached skill level 8 in Invocations
 21311 | Lair:4   | Identified a scroll of magic mapping
 21321 | Lair:4   | Found a transporter.
 21339 | Lair:4   | Found a transporter.
 21413 | Lair:4   | Reached skill level 9 in Invocations
 21505 | Lair:4   | Identified 5 scrolls of teleportation
 21506 | Lair:4   | Identified a scroll of torment
 21725 | Lair:4   | Reached skill level 10 in Invocations
 22449 | Lair:5   | Found a staircase to the Slime Pits.
 23112 | Lair:5   | Reached skill level 11 in Invocations
 23132 | Lair:5   | Reached skill level 1 in Evocations
 23187 | Lair:5   | Reached skill level 2 in Evocations
 23593 | Lair:6   | Entered Level 6 of the Lair of Beasts
 23598 | Lair:6   | Reached XP level 15. HP: 92/92 MP: 24/24
 23616 | Lair:6   | Reached skill level 3 in Evocations
 23694 | Lair:6   | Identified 3 scrolls of acquirement
 23694 | Lair:6   | Acquired Great Wizards, Vol. VII
 23700 | Lair:6   | Learned a level 3 spell: Tukima's Dance
 23700 | Lair:6   | Acquired 841 gold pieces
 23702 | Lair:6   | Acquired the amulet "Evvuohe" {Reflect rPois rF+ SH+5}
 23716 | Lair:6   | Identified 2 scrolls of immolation
 23717 | Lair:6   | Identified 3 scrolls of fear
 23731 | Lair:6   | Reached skill level 11 in Stealth
 23877 | Lair:6   | Reached skill level 4 in Evocations
 24068 | Lair:6   | Reached skill level 5 in Evocations
 24086 | Lair:6   | Reached skill level 12 in Stealth
 24273 | Lair:6   | Reached skill level 13 in Stealth
 24602 | Lair:6   | Reached skill level 14 in Stealth
 24938 | Lair:6   | Reached skill level 15 in Stealth
 25797 | Lair:6   | Cast into level 2 of the Abyss (spriggan)
 25820 | Abyss:2  | Identified a scroll of brand weapon
 25921 | Abyss:2  | Reached skill level 7 in Spellcasting
 25921 | Abyss:2  | Noticed a cacodemon
 25930 | Abyss:2  | Noticed a tentacled starspawn
 25938 | Abyss:2  | Killed a tentacled starspawn
 25939 | Abyss:2  | Reached skill level 1 in Long Blades
 25943 | Abyss:2  | Reached skill level 2 in Long Blades
 25949 | Abyss:2  | Killed a cacodemon
 25951 | Abyss:2  | Reached skill level 3 in Long Blades
 26111 | Lair:6   | Escaped the Abyss
 26113 | Lair:6   | Reached XP level 16. HP: 88/97 MP: 21/27
 26131 | Lair:6   | Identified a scroll of fog
 26142 | Lair:6   | Reached skill level 4 in Long Blades
 26213 | Lair:6   | Found a corrupted altar of Lugonu.
 26214 | Lair:6   | Found a one-way gate to the infinite horrors of the Abyss.
 26234 | Lair:6   | Identified 3 scrolls of blinking
 26462 | Orc:1    | Entered Level 1 of the Orcish Mines
 26483 | Orc:1    | Found Wutz's Antique Weapon Boutique.
 26530 | Orc:1    | Found a flagged portal.
 26553 | Bailey   | Entered a bailey
 26657 | Bailey   | Found the +3 pair of seven-league boots {Rampage+∞}
 26736 | Bailey   | Found a bloodstained altar of Trog.
 27003 | Orc:2    | Entered Level 2 of the Orcish Mines
 27194 | Orc:2    | Found a staircase to the Elven Halls.
 27415 | Orc:1    | Reached skill level 11 in Fighting
 27930 | Orc:1    | Noticed Sonja
 27951 | Orc:1    | Killed Sonja
 28455 | Orc:2    | Found Awauh's Antique Armour Emporium.
 28586 | Orc:2    | Found Xyub's Distillery.
 28611 | Orc:2    | Reached skill level 12 in Fighting
 28796 | Orc:2    | Found Kevi's Book Shop.
 28797 | Orc:2    | Found Kerakuwn's Antique Weapon Emporium.
 29227 | Orc:2    | Bought a runed helmet for 195 gold pieces
 29243 | Orc:2    | Bought a pair of glowing boots for 195 gold pieces
 29295 | Orc:2    | Bought a manual of Dodging for 1120 gold pieces
 29401 | D:11     | Bought a potion of heal wounds for 80 gold pieces
 29504 | D:13     | Identified 3 scrolls of summoning
 29574 | D:13     | Found Liajinop's Antique Armour Shoppe.
 29585 | D:13     | Reached skill level 11 in Dodging
 29780 | D:13     | Noticed Maurice
 29784 | D:13     | Reached skill level 12 in Dodging
 29791 | D:13     | Killed Maurice
 30049 | D:13     | Found a large runed translucent door.
 30050 | D:13     | Found a large runed translucent door.
 30300 | D:14     | Found a radiant altar of Vehumet.
 30382 | D:14     | Reached skill level 13 in Dodging
 30733 | D:14     | Reached skill level 14 in Dodging
 30843 | D:14     | Found a gate to the Vaults.
 30860 | D:14     | Reached skill level 15 in Dodging
 31501 | D:14     | Reached XP level 17. HP: 106/106 MP: 28/28
 31505 | D:14     | Reached skill level 16 in Dodging
 31517 | D:14     | Identified a scroll of silence
 31707 | D:13     | Bought a twisted cloak for 228 gold pieces
 31707 | D:13     | Identified the -3 cloak of Besm {MP+9 Slay+3 Stlth-} (You
                  | bought it in a shop on level 13 of the Dungeon)
 31707 | D:13     | Bought a runed cloak for 180 gold pieces
 31707 | D:13     | Bought a runed cloak for 180 gold pieces
 31743 | D:15     | Entered Level 15 of the Dungeon
 32303 | D:15     | Found a shimmering blue altar of Sif Muna.
 32351 | D:15     | Identified the +3 falchion of World's End {flame, +Blink
                  | rC- Will+ Str+5}
 32394 | D:15     | Reached skill level 17 in Dodging
 32954 | D:13     | Reached skill level 13 in Fighting
 33039 | D:13     | Identified the +1 double sword of Soehuett {antimagic, rF+
                  | rCorr Dex+6}
 33372 | Snake:1  | Entered Level 1 of the Snake Pit
 33672 | Snake:1  | Reached skill level 14 in Fighting
 34143 | Snake:1  | Learned a level 5 spell: Yara's Violent Unravelling
 34274 | Snake:1  | Noticed Aizul
 34500 | Snake:1  | Reached skill level 6 in Conjurations
 34729 | Snake:1  | Killed Aizul
 35056 | Snake:1  | Reached skill level 8 in Spellcasting
 35250 | Snake:2  | Reached skill level 7 in Ice Magic
 35919 | Snake:2  | Reached XP level 18. HP: 116/116 MP: 27/30
 35987 | Snake:2  | Identified the +9 quarterstaff "Jonnirro" {drain, rPois}
 35991 | Snake:2  | Reached skill level 7 in Conjurations
 36597 | Snake:2  | Reached skill level 9 in Spellcasting
 36597 | Snake:2  | Reached skill level 8 in Ice Magic
 37594 | Snake:3  | Found Peugg's Antique Armour Boutique.
 37619 | Snake:3  | Reached skill level 8 in Conjurations
 37628 | Snake:3  | Found Ihuast Wote's General Store.
 37713 | Snake:3  | Found a flickering gateway to a bazaar.
 37729 | Bazaar   | Entered a bazaar
 37729 | Bazaar   | Found Wubaplai's Book Boutique.
 37951 | Bazaar   | Found Iwaq's Distillery.
 37981 | Bazaar   | Found Magryguo's Distillery.
 37993 | Bazaar   | Found Antuamam's Armour Shop.
 38015 | Bazaar   | Bought a potion of heal wounds for 45 gold pieces
 38015 | Bazaar   | Bought a potion of heal wounds for 45 gold pieces
 38023 | Bazaar   | Bought 2 potions of heal wounds for 140 gold pieces
 38023 | Bazaar   | Bought a potion of heal wounds for 70 gold pieces
 38228 | Snake:3  | Identified a potion of invisibility
 38362 | Snake:3  | Reached skill level 9 in Ice Magic
 38853 | Snake:3  | Reached skill level 10 in Spellcasting
 39351 | Snake:3  | Reached skill level 9 in Conjurations
 39571 | Snake:3  | Reached skill level 6 in Hexes
 39905 | Snake:3  | Reached skill level 1 in Transmutations
 40540 | Snake:4  | Entered Level 4 of the Snake Pit
 40550 | Snake:4  | Reached skill level 2 in Transmutations
 40577 | Snake:3  | Reached skill level 7 in Hexes
 40734 | Snake:4  | Found Xiule's Antique Armour Shop.
 40752 | Snake:4  | Reached skill level 3 in Transmutations
 40767 | Snake:4  | Bought a heavily runed plate armour for 728 gold pieces
 40767 | Snake:4  | Identified the +2 plate armour of Viny New Discoveries
                  | {+Inv rElec Int-4} (You bought it in a shop on level 4 of
                  | the Snake Pit)
 40772 | Snake:4  | Acquired the +3 pair of gauntlets of War {Slay+5}
 40773 | Snake:4  | Found the +3 pair of gauntlets of War {Slay+5}
 40864 | Snake:4  | Reached XP level 19. HP: 53/121 MP: 23/33
 41297 | Snake:4  | Reached skill level 4 in Transmutations
 41574 | Snake:4  | Reached skill level 8 in Hexes
 41633 | Snake:4  | Reached skill level 5 in Transmutations
 41806 | Snake:4  | Identified the +3 robe "Xaun" {Will+ Slay+2}
 42132 | Snake:4  | Identified a scroll of vulnerability
 42152 | Snake:4  | Reached skill level 5 in Long Blades
 42734 | Snake:4  | Reached skill level 6 in Long Blades
 43475 | Snake:4  | Found a snail-covered altar of Cheibriados.
 43890 | Snake:4  | Shot with a bolt by a naga sharpshooter

Illustrated notes

Levels and vault maps discovered:
D:1:      nicolae_arrival_kraken_aquarium_a, layout_loops_ring,
          supply_closet_lemuel, hex_medium, skrybe_limestone_x,
          minmay_misc_feat_roman, hangedman_decor_lopped
D:2:      layout_loops_cross, uniq_robin
D:3:      layout_rooms, dreamdust_ecumenical_altar_angels_and_demons,
          serial_shops, nicolae_shop_crystal, hellmonk_ghost_happy_afterlife,
          serial_park_tiny_2
D:4:      lemuel_castle_with_subvaults [lemuel_castle_interior_carwin_1],
          layout_layer_cave, minmay_temple_entry_hall, enter_ossuary_2
D:5:      layout_basic, serial_shops, nicolae_shop_trees
D:6:      layout_loops_ring, roderic_malta_cross, uniq_duvessa, uniq_sigmund,
          uniq_crazy_yiuf_cottage
D:7:      layout_gridville, serial_shops, nicolae_diamond_shop, uniq_maggie
D:8:      layout_rooms, cheibrodos_ashenzari_chains, kennysheep_generic_room_16
D:9:      layout_stronghold, lair_entry_dummy, orc_0_dummy,
          nicolae_benzene_ring, minivault_22
D:10:     layout_basic
D:11:     layout_rooms, portal_ice_cave_rime, serial_shops, shop,
          minmay_strange_pillars, tgw_trog
D:12:     layout_basic, tgw_xom, uniq_erolcha
D:13:     doesnt_quadruple_sword, layout_cave_pools, serial_shops,
          nicolae_take_the_stairs, uniq_maurice
D:14:     layout_roguey, lightli_vaults_fourway_checkpoint,
          nicolae_vehumet_radiance
D:15:     grunt_enter_depths_magical_seal, layout_long_grid,
          nicolae_sif_muna_condensation
Temple:   nicolae_temple_the_god_donut
Lair:1:   layout_long_grid, serial_bayou_lagoon_a, minmay_lair_oklob_items,
          lemuel_centaur_altar
Lair:2:   layout_roguey, nicolae_swamp_entry_splash_gauntlet, minivault_25,
          grunt_megastairs_2, lemuel_fruit_fields
Lair:3:   layout_chaotic_city, minmay_snake_entry_six_corridors,
          minmay_lair_oklob_chamber
Lair:4:   gammafunk_worm_tunnel, layout_regular_city, patterned_corridor
Lair:5:   layout_gridlike, minmay_slime_entry_pillars, grunt_megastairs_5
Lair:6:   hellmonk_lair_end_abyssal_woods, layout_loops_ring, grunt_megastairs_3
Snake:1:  layout_gridlike, serial_bayou, serial_bayou_lagoon_b,
          serial_bayou_shore_a, serial_bayou_ford_a, serial_bayou_crossing,
          serial_bayou_shore_b, nicolae_large_snake_swirl, uniq_aizul
Snake:2:  layout_basic, grunt_ministairs_6
Snake:3:  layout_layer_cave, serial_shops, bzr_entry_gold, shop_statue, shop,
          grunt_ministairs_8, serial_bayou_pond_d, grunt_megastairs_1
Snake:4:  johnstein_snake_rune_scales, layout_gridlike, serial_shops, shop,
          basic_altar, nicolae_snake_slithery_hallway
Orc:1:    layout_caves, serial_shops, shop, enter_bailey_3, uniq_sonja
Orc:2:    st_orc_town, layout_diamond_mine, basic_altar

Skill      XL: |  1  2  3  4  5  6  7  8  9 10 11 12 13 14 15 16 17 18 19 |
---------------+----------------------------------------------------------+-----
Conjurations   | 2 3 5 6 9 |  9.3
Hexes          | 1 2 3 4 5 7 8 |  8.7
Translocations | 2 4 5 |  5.0
Ice Magic      | 1 6 7 9 |  9.0
Spellcasting   | 4 6 7 8 10 | 10.3
Necromancy     | 5 |  5.2
Fire Magic     | 1 2 |  2.0
Short Blades   | 6 10 12 | 12.1
Air Magic      | 2 3 |  3.0
Poison Magic   | 2 3 |  3.0
Dodging        | 5 9 10 15 17 | 17.0
Stealth        | 7 10 15 | 15.0
Fighting       | 4 9 10 12 14 | 14.0
Armour         | 5 |  5.0
Invocations    | 11 | 11.0
Evocations     | 2 5 |  5.0
Long Blades    | 3 4 6 |  6.9
Transmutations | 3 5 |  5.0
Summonings     | |  1.0

Action                   |  1- 3 |  4- 6 |  7- 9 | 10-12 | 13-15 | 16-18 | 19-21 || total
-------------------------+-------+-------+-------+-------+-------+-------+-------++-------
Melee: Dagger            |     3 |    20 |    80 |     1 |       |       |       ||   104
       Short sword       |       |    43 |   239 |   331 |   485 |   654 |    64 ||  1816
       Falchion          |       |     9 |    42 |    62 |       |       |       ||   113
       Scimitar          |       |       |       |       |   119 |   369 |   177 ||   665
Throw: Throwing net      |       |       |     2 |     1 |       |       |       ||     3
 Cast: Magic Dart        |    91 |   112 |   222 |    35 |    13 |    92 |    14 ||   579
       Slow              |       |     4 |     6 |     4 |     1 |       |       ||    15
       Blink             |       |     3 |     8 |     2 |     4 |     3 |       ||    20
       Ensorcelled Hiber |       |       |    11 |    73 |   208 |   225 |   100 ||   617
       Conjure Flame     |       |       |     5 |     3 |     3 |       |     1 ||    12
       Vampiric Draining |       |       |     6 |    14 |    23 |    12 |       ||    55
       Mephitic Cloud    |       |       |     1 |     8 |     4 |     5 |       ||    18
       Freezing Cloud    |       |       |       |       |     2 |    17 |       ||    19
       Tukima's Dance    |       |       |       |       |       |    55 |    12 ||    67
       Yara's Violent Un |       |       |       |       |       |     2 |     1 ||     3
Invok: Slouch            |       |       |       |       |     5 |     2 |     1 ||     8
Evoke: Wand              |       |       |     2 |     5 |     9 |     4 |       ||    20
  Use: Scroll            |       |       |     6 |     4 |    15 |    14 |       ||    39
       Potion            |       |       |       |     1 |     1 |     1 |     2 ||     5
 Stab: Sleeping          |       |     2 |     5 |    60 |   184 |   193 |    43 ||   487
       Held in net/web   |       |       |     1 |       |       |       |       ||     1
       Confused          |       |       |       |    10 |    11 |     9 |       ||    30
       Distracted        |       |       |       |     1 |    12 |     7 |     4 ||    24
       Paralysed         |       |       |       |       |     1 |       |       ||     1
Armor: Robe              |    11 |     7 |    50 |       |       |       |       ||    68
       Leather armour    |       |       |    61 |   129 |    99 |   102 |    33 ||   424
Dodge: Dodged            |    26 |    53 |   235 |   339 |   821 |  1170 |   371 ||  3015
Block: Other             |       |       |       |       |    50 |   225 |    65 ||   340
       Reflection        |       |       |       |       |       |    17 |     7 ||    24
       Rpst.: Falchion   |       |       |     5 |    15 |       |       |       ||    20
       Scimitar          |       |       |       |       |    53 |    93 |    35 ||   181
